[ AOE2 MATCH · #484445708 ]
UnrankedTeutons vs Aztecs
Player's team · LOSS
[ REPLAY ANALYSIS · EXTRACTED FROM THE RECORDED GAME ]
Feudal
—
Castle
—
Imperial
—
| APM avg | 9.4 |
| APM peak | 20 |
| eAPM avg | 5.9 |
| Villagers / military | 12 / 0 |
Focus
⚔️ 0.0% · 🌾 100.0%
Feudal
—
Castle
—
Imperial
—
| APM avg | 36.8 |
| APM peak | 64 |
| eAPM avg | 13.5 |
| Villagers / military | 7 / 0 |
Focus
⚔️ 18.8% · 🌾 81.2%
Feudal
—
Castle
—
Imperial
—
| APM avg | 16.9 |
| APM peak | 32 |
| eAPM avg | 7.3 |
| Villagers / military | 7 / 0 |
Focus
⚔️ 4.3% · 🌾 95.7%
Feudal
—
Castle
—
Imperial
—
| APM avg | 10.1 |
| APM peak | 18 |
| eAPM avg | 5.0 |
| Villagers / military | 7 / 0 |
Focus
⚔️ 5.6% · 🌾 94.4%
Feudal
—
Castle
—
Imperial
—
| APM avg | 33.6 |
| APM peak | 51 |
| eAPM avg | 11.0 |
| Villagers / military | 13 / 0 |
Focus
⚔️ 10.3% · 🌾 89.7%
Feudal
—
Castle
—
Imperial
—
| APM avg | 24.0 |
| APM peak | 42 |
| eAPM avg | 7.5 |
| Villagers / military | 6 / 0 |
Focus
⚔️ 15.4% · 🌾 84.6%
Feudal
—
Castle
—
Imperial
—
| APM avg | 19.2 |
| APM peak | 33 |
| eAPM avg | 10.7 |
| Villagers / military | 16 / 0 |
Focus
⚔️ 4.9% · 🌾 95.1%
Feudal
—
Castle
—
Imperial
—
| APM avg | 25.6 |
| APM peak | 41 |
| eAPM avg | 11.0 |
| Villagers / military | 11 / 0 |
Focus
⚔️ 7.0% · 🌾 93.0%
Match map
Initial resources + every placement click. Lines = walls · curves = elevation contours. ◆ gold · ⬟ stone · ● berries · ✦ relic · ◌ wall gap
Your base
untouchable0627's base
Burzgûl's base
Williamjason007's base
库吉特昌少可汗's base
Stuksman's base
King George7650's base
Set's base
Smoothed initial terrain · ◌ = detected wall gap · hover for details
Inputs per minute
— ELITEMARIO69 - - untouchable0627
Build order — ELITEMARIO69
16 actions detected in the replay
| 0:27 | Build | House |
| 0:28 | Build | House |
| 0:29 | Build | House |
| 0:31 | Build | House |
| 0:39 | Create | Villager (Male) |
| 0:39 | Create | Villager (Male) |
| 0:39 | Create | Villager (Male) |
| 0:39 | Create | Villager (Male) |
| 0:39 | Create | Villager (Male) |
| 0:40 | Create | Villager (Male) |
| 2:39 | Create | Villager (Male) |
| 2:39 | Create | Villager (Male) |
| 2:39 | Create | Villager (Male) |
| 3:31 | Create | Villager (Male) |
| 3:32 | Create | Villager (Male) |
| 3:32 | Create | Villager (Male) |
Build order — untouchable0627
14 actions detected in the replay
| 0:02 | Research | Loom |
| 0:02 | Create | Villager (Male) |
| 0:03 | Create | Villager (Male) |
| 0:03 | Create | Villager (Male) |
| 0:03 | Create | Villager (Male) |
| 0:04 | Create | Villager (Male) |
| 0:07 | Build | House |
| 1:01 | Build | Palisade Wall |
| 1:27 | Build | Palisade Wall |
| 1:42 | Build | House |
| 2:19 | Build | House |
| 2:20 | Build | House |
| 3:01 | Create | Villager (Male) |
| 3:24 | Create | Villager (Male) |
Build order — Burzgûl
10 actions detected in the replay
| 0:07 | Create | Villager (Male) |
| 0:07 | Create | Villager (Male) |
| 0:10 | Build | House |
| 0:13 | Build | House |
| 0:15 | Create | Villager (Male) |
| 0:15 | Create | Villager (Male) |
| 1:42 | Create | Villager (Male) |
| 2:00 | Build | Lumber Camp |
| 2:32 | Create | Villager (Male) |
| 2:32 | Create | Villager (Male) |
Build order — Williamjason007
12 actions detected in the replay
| 0:03 | Create | Villager (Male) |
| 0:03 | Create | Villager (Male) |
| 0:04 | Create | Villager (Male) |
| 0:04 | Create | Villager (Male) |
| 0:15 | Build | House |
| 1:11 | Build | Palisade Wall |
| 1:49 | Build | House |
| 1:50 | Build | House |
| 2:28 | Create | Villager (Male) |
| 3:27 | Create | Villager (Male) |
| 3:38 | Build | Lumber Camp |
| 3:41 | Create | Villager (Male) |
Build order — 库吉特昌少可汗
16 actions detected in the replay
| 0:03 | Create | Villager (Male) |
| 0:03 | Create | Villager (Male) |
| 0:03 | Create | Villager (Male) |
| 0:04 | Create | Villager (Male) |
| 0:04 | Create | Villager (Male) |
| 0:07 | Build | House |
| 0:09 | Build | House |
| 1:56 | Build | Lumber Camp |
| 1:59 | Create | Villager (Male) |
| 1:59 | Create | Villager (Male) |
| 2:07 | Create | Villager (Male) |
| 2:07 | Create | Villager (Male) |
| 2:36 | Create | Villager (Male) |
| 2:36 | Create | Villager (Male) |
| 3:14 | Create | Villager (Male) |
| 3:14 | Create | Villager (Male) |
Build order — Stuksman
11 actions detected in the replay
| 0:21 | Research | Loom |
| 0:22 | Create | Villager (Male) |
| 0:22 | Create | Villager (Male) |
| 0:43 | Build | Palisade Wall |
| 0:47 | Build | Palisade Gate |
| 1:16 | Build | House |
| 2:43 | Create | Villager (Male) |
| 2:44 | Create | Villager (Male) |
| 2:44 | Create | Villager (Male) |
| 3:07 | Create | Villager (Male) |
| 3:11 | Build | House |
Build order — King George7650
15 actions detected in the replay
| 0:05 | Create | Villager (Male) ×4 |
| 0:05 | Create | Villager (Male) ×4 |
| 0:06 | Create | Villager (Male) |
| 0:12 | Build | House |
| 0:13 | Build | House |
| 1:40 | Create | Villager (Male) |
| 1:53 | Build | Lumber Camp |
| 2:06 | Create | Villager (Male) |
| 2:07 | Create | Villager (Male) |
| 2:19 | Create | Villager (Male) |
| 2:49 | Create | Villager (Male) |
| 3:01 | Create | Villager (Male) |
| 3:32 | Create | Villager (Male) |
| 4:14 | Build | Mill |
| 4:20 | Build | House |
Build order — Set
12 actions detected in the replay
| 0:04 | Create | Villager (Male) |
| 0:06 | Build | House |
| 0:07 | Build | House |
| 0:26 | Create | Villager (Male) ×4 |
| 1:52 | Create | Villager (Male) |
| 1:53 | Create | Villager (Male) |
| 1:55 | Build | Lumber Camp |
| 2:34 | Create | Villager (Male) |
| 2:35 | Create | Villager (Male) |
| 2:41 | Create | Villager (Male) |
| 2:42 | Create | Villager (Male) |
| 2:48 | Build | House |
Match timeline
| 0:43 | Stuksman · wall_segment Palisade Wall x7 |
| 1:01 | untouchable0627 · wall_segment Palisade Wall x11 |
| 1:11 | Williamjason007 · wall_segment Palisade Wall x8 |
| 1:27 | untouchable0627 · wall_segment Palisade Wall x9 |
| 2:56 | Set · resign |
[ AI ANALYSIS · 1 CREDIT ]
What really happened in this match?
Wolo.gg analyzes every decision: build order, eco, micro, common mistakes by bracket. Personalized analysis on WhatsApp or Discord in 30 seconds.
Civ guide
Teutons
Perfil
Jugador #18886976